 Dungeon Crawl Stone Soup version 0.22-a0-448-g1fb7470 (webtiles) character file.

363 KristoblXynda the Slasher (level 6, -6/52 HPs)
             Began as a Naga Gladiator on June 4, 2018.
             Mangled by a killer bee (7 damage)
             ... on level 3 of the Dungeon.
             The game lasted 00:04:52 (2832 turns).

KristoblXynda the Slasher (Naga Gladiator)          Turns: 2832, Time: 00:04:53

Health: -6/52      AC:  5    Str: 17    XL:     6   Next: 67%
Magic:  6/6        EV: 10    Int: 10    God:
Gold:   131        SH:  0    Dex: 12    Spells: 5/5 levels left

rFire    . . .     SeeInvis +   a - +0 long sword
rCold    . . .     Gourm    .   (no shield)
rNeg     . . .     Faith    .   s - +0 ring mail
rPois    +         Spirit   .   c - +0 helmet
rElec    .         Reflect  .   (no cloak)
rCorr    +         Harm     .   (no gloves)
MR       .....                  (no barding)
Stlth    ++........             (no amulet)
HPRegen  0.17/turn              n - ring of resist corrosion
MPRegen  0.10/turn              (no ring)

@: lethally poisoned (-6 -> -15), short of breath, very slow
A: large, see invisible, deformed body, poison resistance, slowness 2, slow
metabolism 1, spit poison 1, AC +2
a: Spit Poison


You were on level 3 of the Dungeon.
You were hungry.

You visited 1 branch of the dungeon, and saw 3 of its levels.

You collected 131 gold pieces.

Inventory:

Hand Weapons
 a - a +0 long sword (weapon)
Missiles
 d - 2 throwing nets (quivered)
Armour
 c - a +0 helmet (worn)
 s - a +0 ring mail (worn)
Jewellery
 n - a ring of resist corrosion (left hand)
Scrolls
 e - 2 scrolls of amnesia {unknown}
 g - 2 scrolls of enchant armour {unknown}
 j - 3 scrolls of remove curse
 p - a scroll of random uselessness {unknown}
 q - a scroll of teleportation
 r - a scroll of fog
 t - a scroll of enchant weapon {unknown}
Potions
 b - a potion of flight
 h - a potion of brilliance {unknown}
 m - 2 potions of agility
 o - a potion of magic
Comestibles
 f - 6 rations


   Skills:
 - Level 2.0 Fighting
 * Level 5.4 Long Blades
 - Level 2.2 Throwing
 + Level 1.8 Armour
 - Level 3.2 Dodging
 + Level 3.8 Stealth


You had 5 spell levels left.
You didn't know any spells.
Your spell library was empty.

Dungeon Overview and Level Annotations

Branches:
Dungeon (3/15)

Altars:
Fedhas
Gozag
Kikubaaqudgha
Ru
Vehumet


Innate Abilities, Weirdness & Mutations

You cannot wear boots.
Your serpentine skin is tough. (AC +2)
You have supernaturally acute eyesight. (SInv)
Armour fits poorly on your strangely shaped body.
Your system is resistant to poisons. (rPois)
You cover ground very slowly.
You have a slow metabolism.
You can spit poison.


Message History

You barely miss the killer bee.
The killer bee is almost dead.
You feel sick. The killer bee stings you!
* * * LOW HITPOINT WARNING * * *
The killer bee closely misses you.
The killer bee buzzes angrily.
You barely miss the killer bee.
The killer bee is almost dead.
You hear an angry buzzing noise.
The killer bee barely misses you. The killer bee closely misses you. x2
Press: ? - help, Shift-Dir - straight line, f - killer bee, p - killer bee
Aim: a killer bee The splash of poison misses the killer bee.
You feel slightly more hungry.
You feel sick. The killer bee stings you.
* * * LOW HITPOINT WARNING * * *
You are more poisoned.
The killer bee poisons you! The killer bee stings you.
* * * LOW HITPOINT WARNING * * *
The killer bee stings you!
You die...

#.####.####.# #.##..
#.##.....##.#
#######.....
#.#.......#.###
#...........
..#.......#...#
#.######....
......_.......#
#.######....
..#.......#.#.#
#....(......
..#...(...#..##
##########'#
..##.....##†>.######
#.#
..####.####.#†#y@..#
#.#
#..........$#..y.#.#
#..
########.##.###### #
#.. #.#... ### ..# #
#..# # ### # # #


You could see 2 killer bees.

Vanquished Creatures
  Sigmund (D:2)
  2 killer bees (D:3)
  2 adders
  An ooze (D:2)
  4 worms
  2 dart slugs
  21 orcs (D:3)
  3 giant cockroaches
  8 goblins
  8 hobgoblins
  6 bats
  4 frilled lizards
  4 kobolds
  6 rats
72 creatures vanquished.

Notes
Turn   | Place    | Note
-------+----------+-------------------------------------------
     0 | D:1      | KristoblXynda the Naga Gladiator began the quest for the Orb.
     0 | D:1      | Reached XP level 1. HP: 19/19 MP: 1/1
   380 | D:1      | Reached XP level 2. HP: 19/26 MP: 2/2
  1030 | D:2      | Reached XP level 3. HP: 32/32 MP: 3/3
  1117 | D:2      | Found a sacrificial altar of Ru.
  1498 | D:2      | Noticed Sigmund
  1534 | D:2      | Killed Sigmund
  1534 | D:2      | Reached skill level 4 in Long Blades
  1534 | D:2      | Reached skill level 1 in Armour
  1534 | D:2      | Reached XP level 4. HP: 29/39 MP: 4/4
  1534 | D:2      | Reached XP level 5. HP: 33/45 MP: 5/5
  2149 | D:3      | Reached XP level 6. HP: 28/52 MP: 6/6
  2456 | D:3      | Found an opulent altar of Gozag.
  2474 | D:3      | Reached skill level 5 in Long Blades
  2652 | D:3      | Found a blossoming altar of Fedhas.
  2653 | D:3      | Found an ancient bone altar of Kikubaaqudgha.
  2763 | D:3      | Found a radiant altar of Vehumet.
  2832 | D:3      | HP: 2/52 [killer bee (6)]
  2832 | D:3      | Mangled by a killer bee

Vault maps used:
D:1:      sevenhm_arrival_forest_fort_small_4, hangedman_decor_points,
          kennysheep_crisscross, minmay_misc_feat_cross
D:2:      old_standard_altar, first_ration, minmay_strange_pillars, uniq_sigmund
D:3:      grunt_temple_overflow_growth_and_decay, old_standard_altar,
          grunt_gozag_breadcrumbs

Skill      XL: |  1  2  3  4  5  6 |
---------------+-------------------+-----
Throwing       | 2 |  2.2
Long Blades    | 4 5 |  5.4
Armour         | 1 |  1.8
Dodging        | 3 |  3.2
Stealth        | 2 3 |  3.8
Fighting       | |  2.0

Action                   |  1- 3 |  4- 6 || total
-------------------------+-------+-------++-------
Melee: Long sword        |    89 |   127 ||   216
Throw: Throwing net      |     1 |       ||     1
 Abil: Spit Poison       |     7 |     4 ||    11
  Use: Potion            |     1 |     1 ||     2
       Scroll            |       |     7 ||     7
  Eat: Chunk             |     2 |     3 ||     5
Armor: Leather armour    |    19 |    13 ||    32
       Ring mail         |       |    34 ||    34
Dodge: Dodged            |    56 |    74 ||   130
       Rpst.: Long sword |    24 |    22 ||    46

Table legend:
 A = Spawn XP
 B = Non-spawn XP
 C = Spawn XP percentage of total XP
 D = Spawn monster count
 E = Non-spawn monster count
 F = Spawn count percentage of total count
 G = Total turns spent on level
                    A         B        C        D         E        F      G
               +---------+---------+-------+---------+---------+-------+---------
         Total |       0 |     519 |   0.0 |       0 |      72 |   0.0 |  2832
               +---------+---------+-------+---------+---------+-------+---------
           D:1 |       0 |      32 |   0.0 |       0 |      20 |   0.0 |  1028
           D:2 |       0 |     263 |   0.0 |       0 |      15 |   0.0 |  1082
           D:3 |       0 |     224 |   0.0 |       0 |      37 |   0.0 |   722
               +---------+---------+-------+---------+---------+-------+---------
